 Dungeon Crawl Stone Soup version 0.29.1-15-g9cfb28693d (webtiles) character file.

Game seed: 2759814533837854698

97106 croobank the Brawler (level 15, -3/156 HPs)
             Began as a Troll Fighter on Apr 22, 2023.
             Was a High Priest of Wu Jian.
             Slain by a dire elephant simulacrum (7 damage)
             ... in an ice cave on Apr 23, 2023.
             The game lasted 02:10:35 (20957 turns).

croobank the Brawler (Troll Fighter)               Turns: 20957, Time: 02:10:35

Health: -3/156     AC: 12    Str: 28    XL:     15   Next: 71%
Magic:  23/23      EV: 14    Int: 10    God:    Wu Jian [*****.]
Gold:   1555       SH: 15    Dex: 11    Spells: 14/14 levels left

rFire   + + +      SeeInvis .   c - +7 scimitar (flame)
rCold   + + +      Faith    .   b - +4 kite shield
rNeg    . . .      Spirit   .   Q - +4 troll leather armour
rPois   +          Reflect  .   R - +2 hat
rElec   .          Harm     .   j - scarf {rC+ rF+}
rCorr   .          Rampage  .   (gloves unavailable)
Will    +....                   (boots unavailable)
Stlth   +.........              M - amulet of regeneration
HPRegen 2.76/turn               s - ring of protection from cold
MPRegen 0.18/turn               f - ring of Immorality {rPois rF++ rC+ MP+9 Dex+2}

@: mighty, in a heavenly storm, glowing
A: large, unfitting armour, claws 3, regeneration 1, shaggy fur 1, tough skin 1
a: Renounce Religion, Wall Jump, Serpent's Lash, Heavenly Storm


You were in an ice cave.
You worshipped Wu Jian.
Wu Jian was extremely pleased with you.
You visited 4 branches of the dungeon, and saw 22 of its levels.
You also visited: Bailey, Ice Cave and Volcano.

You collected 2784 gold pieces.
You spent 1229 gold pieces at shops.

Inventory:

Hand Weapons
 c - a +7 scimitar of flaming (weapon)
Missiles
 h - a throwing net (quivered)
 v - 3 boomerangs
 H - 5 curare-tipped darts
 I - 29 large rocks
 U - 6 silver javelins
Armour
 b - a +4 kite shield (worn)
 j - a scarf of resistance (worn)
 Q - a +4 troll leather armour (worn)
 R - a +2 hat (worn)
Jewellery
 f - the ring of Immorality (right claw) {rPois rF++ rC+ MP+9 Dex+2}
   (You acquired it on level 2 of the Lair of Beasts)

   [ring of magical power]

   Dex:       It affects your dexterity (+2).
   rF:        It greatly protects you from fire.
   rC:        It protects you from cold.
   rPois:     It protects you from poison.
   MP:        It affects your magic capacity (+9).
 m - a ring of ice
 r - a ring of willpower
 s - a ring of protection from cold (left claw)
 y - a ring of flight
 K - a +6 ring of intelligence
 M - an amulet of regeneration (around neck)
 N - the ring of Atwujour {rPois Will+ Int+3}
   (You found it on level 8 of the Dungeon)

   [ring of willpower]

   Int:       It affects your intelligence (+3).
   rPois:     It protects you from poison.
   Will:      It increases your willpower.
 W - the ring "Irchu Ete" {rElec rCorr}
   (You found it in a bailey)

   [ring of resist corrosion]

   rElec:     It insulates you from electricity.
   rCorr:     It protects you from acid and corrosion.
Wands
 a - a wand of light (1)
 u - a wand of paralysis (17)
 z - a wand of iceblast (4)
 E - a wand of flame (14)
 O - a wand of mindburst (9)
Scrolls
 d - 4 scrolls of fog
 e - 5 scrolls of magic mapping
 g - 2 scrolls of poison
 l - 5 scrolls of teleportation
 D - 2 scrolls of silence
 P - 2 scrolls of vulnerability
 Z - 6 scrolls of immolation
Potions
 i - 5 potions of curing
 n - 5 potions of attraction
 o - 2 potions of haste
 p - 2 potions of lignification
 t - a potion of cancellation
 w - 6 potions of mutation
 x - 2 potions of brilliance
 F - a potion of ambrosia
 G - a potion of resistance
 J - a potion of magic
 Y - a potion of might
Miscellaneous
 L - a condenser vane
 V - a phantom mirror


   Skills:
 + Level 11.6 Fighting
 + Level 9.8 Dodging
 + Level 12.6 Shields
 * Level 18.6 Unarmed Combat


You had 14 spell levels left.
You didn't know any spells.
Your spell library contained the following spells:

 Spells                   Type           Power      Damage    Failure   Level
 Foxfire                  Conj/Fire      0%         2x1d4     58%         1
 Slow                     Hex            0%         N/A       58%         1
 Sting                    Tmut/Pois      0%         1d3       58%         1
 Ensorcelled Hibernation  Hex/Ice        0%         N/A       73%         2
 Poisonous Vapours        Pois/Air       0%         N/A       73%         2
 Sublimation of Blood     Necr           0%         N/A       73%         2
 Wereblood                Tmut           0%         N/A       73%         2
 Confusing Touch          Hex            0%         N/A       91%         3
 Frozen Ramparts          Ice            0%         1d1       91%         3
 Ozocubu's Armour         Ice            0%         N/A       91%         3
 Portal Projectile        Hex/Tloc       0%         N/A       91%         3
 Summon Guardian Golem    Hex/Summ       0%         N/A       91%         3
 Tukima's Dance           Hex            0%         N/A       91%         3
 Vampiric Draining        Necr           0%         2d6       91%         3
 Corpse Rot               Necr/Pois/Air  0%         N/A       100%        4
 Dispel Undead            Necr           0%         3d6       100%        4
 Ice Form                 Ice/Tmut       0%         N/A       100%        4
 Olgreb's Toxic Radiance  Pois           0%         N/A       100%        4
 Passage of Golubria      Tloc           0%         N/A       100%        4
 Summon Ice Beast         Ice/Summ       0%         N/A       100%        4
 Blade Hands              Tmut           0%         N/A       100%        5
 Irradiate                Conj/Tmut      0%         3d11      100%        5
 Silence                  Hex/Air        0%         N/A       100%        5
 Death Channel            Necr           0%         N/A       100%        6
 Dragon Form              Tmut           0%         N/A       100%        7
 Ozocubu's Refrigeration  Ice            0%         4d7       100%        7
 Summon Hydra             Summ           0%         N/A       100%        7
 Lehudib's Crystal Spear  Conj/Erth      0%         10d2      100%        8


Dungeon Overview and Level Annotations

Branches:
Dungeon (14/15)            Temple (1/1) D:5            Lair (5/5) D:10
 Shoals (0/4) Lair:3        Snake (0/4) Lair:3        Slime (0/5) Lair:5
    Orc (2/2) D:11         Vaults (0/5) D:13         Bailey (visited)
  IceCv (1/1)             Volcano (visited)
    Elf: Orc:2

Altars:
Ashenzari
Cheibriados
Dithmenos
Elyvilon
Fedhas
Gozag
Hepliaklqana
Kikubaaqudgha
Makhleb
Nemelex Xobeh
Okawaru
Qazlal
Ru
Sif Muna
Trog
Uskayaw
Vehumet
Wu Jian
Xom
Yredelemnul
Zin
The Shining One
Jiyva

Shops:
D:2 [*=   D:4 :   D:8 ?   D:10 *((?*   D:13 *?

Annotations:
D:11 Azrael
Lair:2 3 runed translucent doors, Dinohead20's ghost, journeyman MiBe
Lair:5 1 runed translucent door


Innate Abilities, Weirdness & Mutations

You are too large for most types of armour.
You have claws for hands.
Your natural rate of healing is unusually fast.
You are covered in fur. (AC +1)
You have tough skin. (AC +1)


Message History

Okay, then.
You feel much better.
The spriggan defender simulacrum hits you.
The spriggan defender simulacrum freezes you!
You resist.
* * * LOW HITPOINT WARNING * * *
The dire elephant simulacrum misses you.
You block the dire elephant simulacrum's attack.
Okay, then.
You feel very mighty all of a sudden.
You block the spriggan defender simulacrum's attack.
You block the dire elephant simulacrum's attack.
The dire elephant simulacrum completely misses you.
You hit the dire elephant simulacrum.
You melt the dire elephant simulacrum.
The dire elephant simulacrum is heavily damaged.
The spriggan defender simulacrum closely misses you.
The spriggan defender simulacrum hits you!
* * * LOW HITPOINT WARNING * * *
The spriggan defender simulacrum freezes you.
You resist.
* * * LOW HITPOINT WARNING * * *
The dire elephant simulacrum tramples you but does no damage.
You block the dire elephant simulacrum's attack.
You slash the dire elephant simulacrum!
You melt the dire elephant simulacrum.
The dire elephant simulacrum is severely damaged.
The spriggan defender simulacrum misses you.
A bog body comes into view.
The spriggan defender simulacrum hits you.
* * * LOW HITPOINT WARNING * * *
The spriggan defender simulacrum freezes you.
You resist.
* * * LOW HITPOINT WARNING * * *
The dire elephant simulacrum tramples you!!
* * * LOW HITPOINT WARNING * * *
You hold your ground!
The dire elephant simulacrum trunk-slaps you.
* * * LOW HITPOINT WARNING * * *
The dire elephant simulacrum freezes you!
You resist.
You die...

##..∩..##
#.......#
#...∩...#
##.....######
##...###≈≈≈##
##...#
≈≈≈#.#.
#...##
§☼≈≈...
#...###§n≈#
##...#@§§≈#
##.ZZZ§§##
##☼☼##§#
#..## ##
#..## #..
#... .....
......


You could see a bog body, a dire elephant simulacrum, a lindwurm simulacrum and
a spriggan defender simulacrum.

Vanquished Creatures
  Gastronok (Lair:2)
  Kirke (D:12)
  Nessos (Lair:2)
  6 hydras
  A vault guard (D:13)
  13 death yaks (Lair:4)
  A catoblepas (Lair:4)
  4 two-headed ogres
  6 centaur warriors
  2 boulder beetles (D:11)
  Nergalle (Lair:2)
  Amaemon (D:11)
  Sonja (Lair:2)
  A skeletal warrior (D:12)
  3 necromancers
  4 lindwurms
  An orc knight (D:13)
  Pikel (D:6)
  2 wolf spiders (D:12)
  4 manticores
  6 cyclopes
  6 ugly things
  A toenail golem (Volcano)
  11 elephants
  A merfolk siren (Lair:3)
  3 black mambas
  Joseph (D:9)
  6 centaur zombies (D:10)
  2 molten gargoyles (Volcano)
  An orange demon (D:11)
  11 cane toads
  A gargoyle (Bailey)
  2 torpor snails
  Maggie (D:6)
  2 kobold demonologists
  A rime drake (Lair:3)
  9 komodo dragons
  An anaconda simulacrum (IceCv)
  A freezing wraith (D:12)
  An unseen horror zombie (D:10)
  A tengu conjurer (D:8)
  3 efreet (Volcano)
  2 ice devils (IceCv)
  A troll (shapeshifter) (D:8)
  A hornet (D:11)
  10 trolls
  10 polar bears
  A slime creature (D:12)
  6 dream sheep (Lair:5)
  14 blink frogs
  Sigmund (D:6)
  5 shadows
  8 wyverns
  A spriggan (Lair:1)
  5 vampires
  10 wraiths
  3 dire elephant simulacra (IceCv)
  60 yaks
  A basilisk (Lair:4)
  A hog (shapeshifter) (D:13)
  2 fire elementals (Volcano)
  4 steam dragons
  4 hogs (D:12)
  8 wargs
  10 vampire mosquitoes
  3 nagas (Lair:3)
  2 minotaur simulacra (IceCv)
  Menkaure (D:5)
  A harpy simulacrum (IceCv)
  5 acid dragons
  Duvessa (D:5)
  18 hell hounds
  17 water moccasins
  3 elephant zombies (Lair:3)
  A sky beast (D:7)
  13 orc warriors
  3 ogres
  12 black bears
  An alligator simulacrum (IceCv)
  4 boggarts (Lair:4)
  16 centaurs
  26 wolves
  A phantom (D:7)
  A lemure (D:6)
  A kobold brigand (D:11)
  2 necrophages
  14 bullfrogs
  3 earth elementals (Volcano)
  6 scorpions
  4 gnoll sergeants
  29 wights
  Dowan (D:5)
  18 killer bees
  A lindwurm simulacrum (IceCv)
  7 vampire bats (Bailey)
  6 electric eels
  8 wolf zombies (Bailey)
  4 howler monkeys
  A basilisk zombie (Lair:3)
  6 orc priests
  2 hounds
  A gnoll bouda (D:7)
  A jelly (D:5)
  4 iguanas
  4 hell rats (Lair:4)
  15 orc wizards
  2 polar bear simulacra (Lair:5)
  5 yak simulacra (Lair:5)
  3 wolf simulacra (Lair:5)
  A boggart simulacrum (D:12)
  Robin (D:4)
  5 adders
  15 gnolls
  4 white imps
  5 worms
  A dart slug (D:1)
  34 orcs
  6 ball pythons
  9 endoplasms
  2 giant cockroaches
  11 goblins
  3 hobgoblins
  4 jackals (D:3)
  3 quokkas
  3 bats
  5 frilled lizards
  7 kobolds
  23 orc zombies (Bailey)
  2 rats
  A river rat simulacrum (Lair:5)
  A spectral orc (D:3)
  5 fire vortices (Volcano)
723 creatures vanquished.

Vanquished Creatures (others)
  An unseen horror (D:12)
  A hell hound (D:12)
  A howler monkey (D:12)
  29 fungi
  82 plants
  3 withered plants (D:10)
117 creatures vanquished.

Grand Total: 840 creatures vanquished

Notes
Turn   | Place    | Note
-------+----------+-------------------------------------------
     0 | D:1      | croobank the Troll Fighter began the quest for the Orb.
     0 | D:1      | Reached XP level 1. HP: 22/22 MP: 0/0
   171 | D:1      | Reached XP level 2. HP: 29/29 MP: 1/1
   352 | D:1      | Found a faded altar of an unknown god.
   560 | D:2      | Found Jufu's Jewellery Shop.
   602 | D:2      | Found Osarch's Assorted Antiques.
   611 | D:2      | Bought a bubbling black potion for 23 gold pieces
   811 | D:2      | Found Sedamej's Armour Boutique.
   882 | D:2      | Found a glowing golden altar of the Shining One.
   966 | D:2      | Reached XP level 3. HP: 36/36 MP: 2/2
  1150 | D:3      | Identified a scroll of acquirement
  1150 | D:3      | Acquired the +0 hat of the Twisting Gods {rElec rN++ rCorr
                  | Str-5}
  1182 | D:3      | Reached skill level 3 in Unarmed Combat
  1276 | D:3      | Found a sacrificial altar of Ru.
  1536 | D:3      | Reached XP level 4. HP: 44/44 MP: 3/3
  1861 | D:3      | Found a basalt altar of Yredelemnul.
  1941 | D:4      | Noticed Robin
  1960 | D:4      | Killed Robin
  2031 | D:4      | Noticed an ogre
  2032 | D:4      | Noticed a scorpion
  2033 | D:4      | Found Xefec's Book Boutique.
  2128 | D:4      | Noticed a necrophage
  2136 | D:4      | Killed a necrophage
  2137 | D:4      | Reached skill level 4 in Unarmed Combat
  2137 | D:4      | Reached XP level 5. HP: 53/53 MP: 4/4
  2354 | D:4      | Reached XP level 6. HP: 59/61 MP: 5/5
  2648 | D:4      | Reached skill level 5 in Unarmed Combat
  2694 | D:4      | Found an opulent altar of Gozag.
  3096 | D:5      | Entered Level 5 of the Dungeon
  3166 | D:5      | Reached XP level 7. HP: 68/68 MP: 6/6
  3360 | D:5      | Noticed Menkaure
  3373 | D:5      | Killed Menkaure
  3374 | D:5      | Reached skill level 6 in Unarmed Combat
  3438 | D:5      | Noticed a rust devil
  3502 | D:5      | Noticed an angel
  3613 | D:5      | Found a staircase to the Ecumenical Temple.
  3624 | Temple   | Entered the Ecumenical Temple
  3790 | Temple   | Became a worshipper of the Wu Jian Council
  4013 | D:6      | Reached XP level 8. HP: 52/79 MP: 7/7
  4091 | D:6      | Reached skill level 5 in Shields
  4091 | D:6      | Reached skill level 7 in Unarmed Combat
  4239 | D:6      | Noticed Maggie
  4251 | D:6      | Killed Maggie
  4253 | D:6      | Reached skill level 5 in Fighting
  4480 | D:2      | Bought a shimmering robe for 148 gold pieces
  4480 | D:2      | Identified the +2 robe of Wu Jian's Supremacy {Will+ Int+4}
                  | (You bought it in a shop on level 2 of the Dungeon)
  4748 | D:6      | Noticed Pikel
  4760 | D:6      | Killed Pikel
  4761 | D:6      | Reached skill level 8 in Unarmed Combat
  4928 | D:6      | Reached XP level 9. HP: 75/86 MP: 8/8
  4984 | D:5      | Noticed Duvessa
  4988 | D:5      | Noticed Dowan
  4995 | D:5      | Killed Duvessa
  5000 | D:5      | Killed Dowan
  5188 | D:6      | Reached skill level 9 in Unarmed Combat
  5276 | D:6      | Identified the +0 plate armour "Pouptev" {-Tele Regen+ SInv
                  | Stlth-}
  5465 | D:6      | Reached * piety under Wu Jian
  5513 | D:6      | Noticed Sigmund
  5519 | D:6      | Killed Sigmund
  5673 | D:7      | Reached skill level 10 in Unarmed Combat
  5743 | D:7      | Noticed a two-headed ogre
  5761 | D:7      | Killed a two-headed ogre
  5812 | D:7      | Reached XP level 10. HP: 81/99 MP: 9/9
  6058 | D:7      | Reached ** piety under Wu Jian
  6322 | D:7      | Reached skill level 11 in Unarmed Combat
  6777 | D:7      | Found a glowing golden altar of the Shining One.
  6777 | D:7      | Found a glowing silver altar of Zin.
  6967 | D:8      | Found Syucwiru's Magic Scroll Shoppe.
  7005 | D:8      | Bought a scroll of fear for 60 gold pieces
  7005 | D:8      | Bought a scroll of enchant armour for 112 gold pieces
  7005 | D:8      | Bought a scroll of identify for 30 gold pieces
  7579 | D:8      | Reached skill level 12 in Unarmed Combat
  7586 | D:8      | Noticed a sun demon
  7597 | D:8      | Reached XP level 11. HP: 66/109 MP: 10/10
  7879 | D:8      | Identified the ring of Atwujour {rPois Will+ Int+3}
  7973 | D:9      | Reached *** piety under Wu Jian
  8007 | D:9      | Noticed Joseph
  8026 | D:9      | Killed Joseph
  8547 | D:9      | Reached skill level 13 in Unarmed Combat
  8695 | D:9      | Reached **** piety under Wu Jian
  8839 | D:10     | Entered Level 10 of the Dungeon
  8923 | D:10     | Found Tudoptot's Assorted Antiques.
  8923 | D:10     | Found a sparkling altar of Nemelex Xobeh.
  8931 | D:10     | Found a hazy altar of Hepliaklqana.
  9054 | D:10     | Found a flagged portal.
  9081 | D:10     | Identified the +7 trident of Immorality {vorpal, *Slow Fly
                  | rElec rN+}
  9090 | Bailey   | Entered a bailey
  9778 | Bailey   | Identified the ring "Irchu Ete" {rElec rCorr}
  9890 | D:10     | Found Bizakh's Magic Scroll Boutique.
  9898 | D:10     | Bought a scroll of immolation for 56 gold pieces
  9898 | D:10     | Bought a scroll of identify for 28 gold pieces
  9898 | D:10     | Bought a scroll of teleportation for 42 gold pieces
 10035 | D:10     | Found a staircase to the Lair.
 10063 | D:10     | Reached XP level 12. HP: 111/122 MP: 11/11
 10072 | D:10     | Reached skill level 14 in Unarmed Combat
 10216 | D:10     | Found a bloodstained altar of Trog.
 10218 | D:10     | Found a radiant altar of Vehumet.
 10265 | D:10     | Found Kabom's Assorted Antiques.
 10379 | D:10     | Found Oqak's Antique Weapon Boutique.
 10405 | D:10     | Found Ceklere's Antique Weapon Emporium.
 10761 | D:11     | Noticed a centaur warrior
 10762 | D:11     | Killed a centaur warrior
 10873 | D:11     | Noticed Amaemon
 10894 | D:11     | Killed Amaemon
 11105 | D:11     | Noticed a boulder beetle
 11111 | D:11     | Killed a boulder beetle
 11258 | D:11     | Found a staircase to the Orcish Mines.
 11298 | D:11     | Reached skill level 5 in Dodging
 11311 | D:11     | Noticed a boulder beetle
 11325 | D:11     | Killed a boulder beetle
 11326 | D:11     | Reached skill level 10 in Shields
 11376 | D:11     | Noticed a seven-headed hydra
 11391 | D:11     | Killed a seven-headed hydra
 12278 | D:12     | Noticed Kirke
 12287 | D:12     | Killed Kirke
 12288 | D:12     | Reached skill level 15 in Unarmed Combat
 12367 | D:12     | Noticed a centaur warrior
 12371 | D:12     | Killed a centaur warrior
 12372 | D:12     | Reached XP level 13. HP: 89/131 MP: 12/12
 12561 | D:12     | Acquired 1033 gold pieces
 12613 | D:12     | Noticed Azrael
 12857 | Orc:1    | Entered Level 1 of the Orcish Mines
 13087 | Orc:2    | Entered Level 2 of the Orcish Mines
 13186 | Lair:1   | Entered Level 1 of the Lair of Beasts
 13211 | D:10     | Bought an embroidered scarf for 240 gold pieces
 14066 | Lair:2   | Got the Precepts of Frozen Accomplices
 14085 | Lair:2   | Noticed Sonja
 14096 | Lair:2   | Acquired the ring of Immorality {rPois rF++ rC+ MP+9 Dex+2}
 14113 | Lair:2   | Killed Sonja
 14182 | Lair:2   | Found a runed translucent gate.
 14182 | Lair:2   | Found a runed translucent gate.
 14189 | Lair:2   | Found a runed translucent gate.
 14203 | Lair:2   | Found a dark tunnel.
 14215 | Volcano  | Entered a volcano
 14597 | Lair:2   | Noticed Nergalle
 14603 | Lair:2   | Noticed Gastronok
 14611 | Lair:2   | Killed Nergalle
 14621 | Lair:2   | Killed Gastronok
 14622 | Lair:2   | Reached skill level 10 in Fighting
 14622 | Lair:2   | Reached skill level 16 in Unarmed Combat
 14758 | Lair:2   | Noticed Dinohead20's ghost (journeyman MiBe)
 15092 | Lair:3   | Noticed Nessos
 15099 | Lair:2   | Killed Nessos
 15134 | Lair:3   | Reached ***** piety under Wu Jian
 15153 | Lair:3   | Identified the +3 ring mail of Dramatic Exits {Will+ Dex+6}
 15855 | Lair:3   | Found a staircase to the Snake Pit.
 15865 | Lair:3   | Reached XP level 14. HP: 140/141 MP: 13/13
 16071 | Lair:3   | Identified the +6 spear of Dissolution {vorpal, MP+9 Dex+2}
 16201 | Lair:3   | Found a staircase to the Shoals.
 16365 | Lair:4   | You fall into a shaft and drop 1 floor!
 16365 | Lair:5   | Entered Level 5 of the Lair of Beasts
 16365 | Lair:5   | Found a burning altar of Makhleb.
 17094 | Lair:4   | Reached skill level 17 in Unarmed Combat
 17894 | Lair:4   | HP: 6/144 [three-headed hydra (11)]
 18118 | Lair:4   | Reached ****** piety under Wu Jian
 18475 | Lair:5   | Found a runed translucent door.
 18476 | Lair:5   | Found a viscous altar of Jiyva.
 18476 | Lair:5   | Noticed an acid blob
 18476 | Lair:5   | Noticed an acid blob
 18478 | Lair:5   | Found a staircase to the Slime Pits.
 18741 | Lair:5   | Reached XP level 15. HP: 153/153 MP: 14/14
 18783 | Lair:5   | Identified the +0 robe "Fointu" {Dex+2}
 19546 | D:12     | Reached skill level 18 in Unarmed Combat
 20186 | D:13     | Found Henyin's Assorted Antiques.
 20202 | D:13     | Bought a scroll of immolation for 112 gold pieces
 20318 | D:13     | Found Jomes's Magic Scroll Emporium.
 20326 | D:13     | Bought a scroll of enchant weapon for 82 gold pieces
 20326 | D:13     | Bought a scroll of enchant weapon for 82 gold pieces
 20326 | D:13     | Bought 3 scrolls of immolation for 132 gold pieces
 20326 | D:13     | Bought a scroll of magic mapping for 82 gold pieces
 20656 | D:13     | Found a gate to the Vaults.
 20765 | D:14     | Found a shimmering blue altar of Sif Muna.
 20803 | D:14     | Got Sif Muna's Directory of Ignition
 20836 | D:14     | Found a frozen archway.
 20875 | IceCv    | Entered an ice cave
 20957 | IceCv    | HP: 4/156 [dire elephant simulacrum (4)]
 20957 | IceCv    | Slain by a dire elephant simulacrum

Illustrated notes

Levels and vault maps discovered:
D:1:      psy_arrival_dodecagon, layout_basic,
          hellmonk_ecumenical_altar_arch_garden, hex_large
D:2:      layout_loops_ring, serial_shops, shop, shop,
          nicolae_shop_overgrown_old_shop, basic_altar
D:3:      layout_basic, nicolae_ru_path_of_blood,
          yredelemnul_forgotten_temple_becter
D:4:      nicolae_cairo_tiling_very_big, layout_loops_corners,
          nicolae_gozag_seed_capital, grunt_ministairs_6,
          kennysheep_windowed_goal, uniq_robin
D:5:      layout_loops_ring, temple_garden, uniq_menkaure, uniq_duvessa
D:6:      layout_basic, uniq_maggie, uniq_sigmund, uniq_pikel
D:7:      layout_gridville, nicolae_overflow_two_pavilions,
          minmay_increasing_density
D:8:      minmay_the_grid_four_pointed_star
          [minmay_the_grid_triangle_9x9_checkered,
          minmay_the_grid_triangle_9x9_odd_lines,
          minmay_the_grid_triangle_9x9_swiss_cheese,
          minmay_the_grid_triangle_9x9_dagger,
          minmay_the_grid_prize_shrinking_boxes], layout_rooms, serial_shops,
          shop, amcnicky_mini_corridor_feature
D:9:      minmay_four_partial_circles, layout_loops_ring, uniq_joseph
D:10:     layout_irregular_city, nicolae_overflow_hidden_temple,
          grunt_lair_entry_orc_guard_hut, serial_undead, serial_undead_f,
          serial_undead_c, serial_undead_b, serial_undead_b, serial_undead_f,
          serial_undead_d, enter_bailey_6, serial_shops, shop, shop, shop, shop,
          nicolae_shop_overgrown_old_shop, small_statue_alley_a
D:11:     layout_stronghold, orc_0_dummy, uniq_amaemon
D:12:     minmay_blocking_statues, layout_basic, uniq_kirke, uniq_azrael
D:13:     layout_loops_ring, david_vaults_5, serial_shops, shop_fountains,
          nicolae_shop_temple_entry_statues_fountains, kennysheep_generic_room_6
D:14:     layout_rooms, portal_ice_cave_entry_pillars_three,
          grunt_dithmenos_smoke_and_mirrors, led_sif_book, uniq_louise
Temple:   hellmonk_temple_forest_ring
Lair:1:   layout_roguey, grunt_forest_large_clearing_hut
Lair:2:   layout_small_grid, gammafunk_ghost_icy,
          nicolae_volcano_entry_vermiform, uniq_nergalle, uniq_gastronok,
          uniq_sonja
Lair:3:   pond_and_an_island_with_a_cottage, layout_gridlike,
          minmay_shoals_entry_lonely_mermaid, guppyfry_snake_entry_garden,
          uniq_nessos
Lair:4:   layout_layer_cave, kilobyte_rumbling_trees, infiniplex_staircase_pool,
          grunt_megastairs_3, serial_bayou_shore_b
Lair:5:   hangedman_lair_caniforms_friends, layout_big_grid, slime_entry_2,
          basic_altar, eino_house_with_fridge
Orc:1:    layout_caves, nicolae_orc_damp_corner, uniq_fannar
Orc:2:    pf_orc_diabolical, layout_diamond_mine
IceCv:    ice_cave_small_necro

Skill      XL: |  1  2  3  4  5  6  7  8  9 10 11 12 13 14 15 |
---------------+----------------------------------------------+-----
Shields        | 3 4 6 7 8 9 10 11 12 | 12.6
Unarmed Combat | 3 4 5 6 8 10 12 13 15 16 17 18 | 18.6
Fighting       | 3 4 5 6 7 8 9 10 11 | 11.6
Dodging        | 3 6 7 9 |  9.8

Action                   |  1- 3 |  4- 6 |  7- 9 | 10-12 | 13-15 || total
-------------------------+-------+-------+-------+-------+-------++-------
Melee: Unarmed           |   108 |   105 |   189 |   825 |  1176 ||  2403
       Short sword       |       |       |       |    27 |       ||    27
       Staff             |       |       |       |       |    77 ||    77
       Scimitar          |       |       |       |       |   120 ||   120
Throw: Dart              |       |       |     7 |     2 |       ||     9
       Boomerang         |       |       |       |       |     3 ||     3
       Large rock        |       |       |       |       |     5 ||     5
Invok: Lunge             |       |       |     8 |    47 |    52 ||   107
       Whirlwind         |       |       |       |    45 |    76 ||   121
       Serpent's Lash    |       |       |       |    10 |    11 ||    21
       Heavenly Storm    |       |       |       |       |     2 ||     2
 Abil: Wall Jump         |       |       |       |    30 |    45 ||    75
Evoke: Condenser vane    |       |       |       |     1 |     1 ||     2
       Phantom mirror    |       |       |       |     1 |       ||     1
       Wand              |       |       |       |       |    28 ||    28
  Use: Scroll            |     7 |     3 |     9 |    21 |    16 ||    56
       Potion            |       |       |     4 |     4 |    15 ||    23
 Stab: Sleeping          |       |     2 |       |     2 |     2 ||     6
       Distracted        |       |       |       |     1 |       ||     1
       Invisible         |       |       |       |       |     6 ||     6
       Petrified         |       |       |       |       |     5 ||     5
       Petrifying        |       |       |       |       |     1 ||     1
Armor: Robe              |    33 |    24 |    16 |    64 |       ||   137
       Troll leather arm |       |       |       |   143 |   345 ||   488
Dodge: Dodged            |    29 |    26 |    30 |   240 |   508 ||   833
Block: Kite shield       |    31 |    31 |    61 |   538 |   854 ||  1515
